 Dungeon Crawl Stone Soup version 0.20.0-6-gd3061e9 (webtiles) character file.

450 Monsterracer the Chopper (level 7, -9/53 HPs)
             Began as a Formicid Abyssal Knight on May 28, 2017.
             Was a Believer of Lugonu.
             Killed by divine providence
             ... invoked by an orc priest
              (13 damage)
             ... on level 4 of the Dungeon.
             The game lasted 00:10:03 (5366 turns).

Monsterracer the Chopper (Formicid Abyssal Knight)  Turns: 5366, Time: 00:10:03

Health: -9/53      AC: 10    Str: 14 (16) XL:     7   Next: 25%
Magic:  9/9        EV: 11    Int: 16 (17) God:    Lugonu [**....]
Gold:   221        SH:  5    Dex:  9 (10) Spells: 6/6 levels left

rFire    . . .     SeeInvis +   a - +2 hand axe
rCold    . . .     Gourm    .   n - +2 buckler
rNeg     . . .     Faith    .   b - +1 leather armour
rPois    .         Spirit   .   (helmet unavailable)
rElec    .         Reflect  .   (no cloak)
rCorr    .         Harm     .   (no gloves)
MR       .....                  (no boots)
Stlth    +.........             (no amulet)
Regen    0.2/turn               l - +6 ring of protection
MPRegen  0.2/turn               d - +5 ring of intelligence

@: no status effects
A: permanent stasis, dig shafts and tunnels, four strong arms, antennae 3,
hooves 1, clumsy 1, deterioration 1, screaming 1
a: Dig, Shaft Self, Depart the Abyss, Bend Space, Renounce Religion


You were on level 4 of the Dungeon.
You worshipped Lugonu.
Lugonu was pleased with you.
You were not hungry.

You visited 1 branch of the dungeon, and saw 4 of its levels.
You visited the Abyss 1 time.

You collected 221 gold pieces.

Inventory:

Hand Weapons
 a - a +2 hand axe (weapon)
Armour
 b - a +1 leather armour (worn)
 n - a +2 buckler (worn)
Jewellery
 d - a +5 ring of intelligence (right hand)
 l - a +6 ring of protection (left hand)
Wands
 t - a wand of paralysis (8/24)
Potions
 g - 4 potions of curing
Comestibles
 c - 2 bread rations
 o - 2 meat rations
 p - 2 royal jellies


   Skills:
 + Level 3.8 Fighting
 * Level 5.9 Axes
 + Level 2.9 Armour
 + Level 1.6 Dodging
 + Level 2.0 Shields
 + Level 3.2 Invocations


You had 6 spell levels left.
You didn't know any spells.

Dungeon Overview and Level Annotations

Branches:
Dungeon (4/15)
 Temple: D:4-7

Altars:

Annotations:
D:2 1 runed door


Innate Abilities, Weirdness & Mutations

You cannot be hasted, slowed, berserked, paralysed or teleported.
You can dig through walls and to a lower floor.
Your four strong arms can wield two-handed weapons with a shield.
You have a pair of large antennae on your head. (SInv)
You have large cloven feet.
You are clumsy. (Dex -2)
Your body sometimes deteriorates upon taking damage.
You occasionally shout uncontrollably at your foes.


Message History

You hit the hippogriff.
The hippogriff is lightly wounded.
The hippogriff bites you! The hippogriff pecks you. The hippogriff claws you.
* * * LOW HITPOINT WARNING * * *
You hit the hippogriff.
You kick the hippogriff, but do no damage.
The hippogriff is lightly wounded.
The hippogriff bites you!
* * * LOW HITPOINT WARNING * * *
The hippogriff pecks you.
* * * LOW HITPOINT WARNING * * *
The hippogriff claws you but does no damage.
An orc comes into view. It is wielding a short sword.
You see here a dagger.
The orc priest invokes the aid of Beogh against you.
Beogh smites you!
* * * LOW HITPOINT WARNING * * *
The orc priest mumbles some strange prayers to Beogh against you.
Beogh smites you!
You die...

.................#
##....###........# #....#
#........# #....#
######.### #####.# #..#
......# ##.## . ###.#.#
#..# ..
###.#o##########.######...
.......o.ooo...H@........>
###.#o###########.##......
....{.# ###.....##....a.
###{#.. .................
<{.#.## #.........#...##.
... #.# #.............#


oo. #.# #..........#### .. ... #.....<....# .. #.# #........... You could see a
hippogriff, an orc priest and 2 orcs.

Vanquished Creatures
  Menkaure (D:4)
  An ogre (D:4)
  An orc priest (D:3)
  An orc wizard (D:3)
  A worker ant (D:3)
  7 adders
  2 gnolls (D:3)
  A worm (D:3)
  2 dart slugs
  A leopard gecko (D:3)
  2 orcs (D:3)
  A ball python (D:2)
  11 bats
  6 giant cockroaches
  4 goblins
  12 hobgoblins
  8 jackals (D:2)
  2 quokkas (D:3)
  3 frilled lizards
  6 kobolds
  9 rats
82 creatures vanquished.

Notes
Turn   | Place    | Note
-------+----------+-------------------------------------------
     0 | Abyss:1  | Monsterracer the Formicid Abyssal Knight began the quest for the Orb.
     0 | Abyss:1  | Reached XP level 1. HP: 18/18 MP: 2/2
    22 | D:1      | Escaped the Abyss
   254 | D:1      | Reached XP level 2. HP: 24/24 MP: 3/3
   341 | D:1      | Reached skill level 3 in Axes
   616 | D:2      | Reached XP level 3. HP: 24/29 MP: 4/4
  1338 | D:2      | Reached skill level 4 in Axes
  1338 | D:2      | Reached XP level 4. HP: 29/35 MP: 5/5
  1348 | D:2      | Reached ** piety under Lugonu
  1619 | D:2      | Found a runed door.
  1946 | D:3      | Reached XP level 5. HP: 30/41 MP: 6/6
  2159 | D:3      | Gained mutation: You occasionally shout uncontrollably at your foes. [potion of mutation]
  2159 | D:3      | Gained mutation: You are clumsy. (Dex -2) [potion of mutation]
  2159 | D:3      | Gained mutation: Your body sometimes deteriorates upon taking damage. [potion of mutation]
  2159 | D:3      | Gained mutation: You have large cloven feet. [potion of mutation]
  2251 | D:3      | Reached skill level 5 in Axes
  2725 | D:3      | Reached skill level 1 in Dodging
  2743 | D:3      | Reached XP level 6. HP: 19/47 MP: 7/7
  3077 | D:3      | Reached skill level 1 in Shields
  3663 | D:4      | Noticed an ogre
  3680 | D:4      | Killed an ogre
  3757 | D:4      | Noticed Menkaure
  4672 | D:4      | HP: 2/48 [Menkaure (10)]
  5047 | D:4      | Killed Menkaure
  5047 | D:4      | Reached XP level 7. HP: 7/53 MP: 7/9
  5348 | D:4      | Noticed a hippogriff
  5366 | D:4      | Killed from afar by an orc priest

Skill      XL: |  1  2  3  4  5  6 |
---------------+-------------------+-----
Axes           | 3 4 5 |  5.9
Dodging        | 1 |  1.6
Shields        | 2 |  2.0
Invocations    | 3 |  3.2
Fighting       | |  3.8
Armour         | |  2.9

Action                   |  1- 3 |  4- 6 |  7- 9 || total
-------------------------+-------+-------+-------++-------
Melee: Hand axe          |    90 |   235 |     5 ||   330
       Kick              |       |    30 |     1 ||    31
Invok: Bend Space        |       |     7 |       ||     7
  Use: Potion            |     2 |     2 |       ||     4
       Scroll            |       |     8 |       ||     8
  Eat: Chunk             |     1 |     7 |       ||     8
       Fruit             |       |     3 |       ||     3
       Bread ration      |       |     1 |       ||     1
Armor: Leather armour    |    48 |    99 |     5 ||   152
Dodge: Dodged            |    68 |   147 |     2 ||   217
Block: Buckler           |       |     8 |     1 ||     9
